 Dungeon Crawl Stone Soup version 0.21.1-1-g345015fe64 (webtiles) character file.

115728 Oravi the Blocker (level 17, -7/121 HPs)
             Began as a Halfling Fighter on Mar 27, 2018.
             Was a High Priest of Okawaru.
             Killed from afar by a hellion (31 damage)
             ... with damnation
             ... in Pandemonium.
             The game lasted 03:43:14 (24942 turns).

Oravi the Blocker (Halfling Fighter)               Turns: 24942, Time: 03:43:15

Health: -7/121     AC: 22    Str: 20    XL:     17   Next: 24%
Magic:  20/22      EV: 32    Int:  4    God:    Okawaru [*****.]
Gold:   1818       SH: 18    Dex: 31    Spells: 16/16 levels left

rFire    . . .     SeeInvis .   a - +7 captain's cutlass {speed, disarm}
rCold    . . .     Gourm    .   c - +0 shield
rNeg     . . .     Faith    +   v - +2 ring mail "Zaor" {Regen+ Int-2 Dex+5}
rPois    +         Spirit   .   u - +0 helmet
rElec    +         Reflect  .   K - +2 cloak {+Inv}
rCorr    .         Harm     .   l - +0 pair of gloves
MR       +....                  s - +2 pair of boots {Fly}
Stlth    +++.......             J - amulet of the Commoners {Faith rElec Dex+3}
HPRegen  0.70/turn              m - +5 ring of dexterity
MPRegen  0.18/turn              W - ring of poison resistance

@: heroism, flying, drained
A: small, mutation resistance 1
a: Heroism, Finesse, Renounce Religion, Evoke Invisibility, Stop Flying


You were in Pandemonium.
You worshipped Okawaru.
Okawaru was extremely pleased with you.
You were not hungry.

You visited 4 branches of the dungeon, and saw 21 of its levels.
You visited Pandemonium 1 time, and saw 1 of its levels.
You also visited: Sewer and Bailey.

You collected 2279 gold pieces.
You spent 461 gold pieces at shops.

Inventory:

Hand Weapons
 a - the +7 captain's cutlass (weapon) {speed, disarm}
   (You acquired it on level 5 of the Dungeon)

   Attacks with this weapon are significantly faster.
 b - a +0 hunting sling
 w - the +5 pair of quick blades "Gyre" and "Gimble" {pierce, Dex-3}
   (Okawaru gifted it to you in Pandemonium)

   It inflicts extra damage upon your enemies.
   It affects your dexterity (-3).
 I - a +2 eveningstar of protection
Missiles
 j - 213 sling bullets
 k - 686 stones (quivered)
Armour
 c - a +0 shield (worn)
 l - a +0 pair of gloves (worn)
 o - +4 fire dragon scales
 s - a +2 pair of boots of flying (worn)
 u - a +0 helmet (worn)
 v - the +2 ring mail "Zaor" (worn) {Regen+ Int-2 Dex+5}
   (You found it on level 8 of the Dungeon)

   It affects your intelligence (-2).
   It affects your dexterity (+5).
   It increases your rate of regeneration.
 D - a +0 pair of boots
 H - a +4 scale mail of poison resistance
 K - a +2 cloak of invisibility (worn)
Jewellery
 m - a +5 ring of dexterity (left hand)
 q - an uncursed amulet of rage
 z - an uncursed amulet of regeneration
 C - an uncursed ring of flight
 J - the amulet of the Commoners (around neck) {Faith rElec Dex+3}
   (You found it in a bailey)

   [amulet of faith]

   It allows you to gain divine favour quickly.
   It affects your dexterity (+3).
   It insulates you from electricity.
 M - an uncursed ring of see invisible
 W - a ring of poison resistance (right hand)
Wands
 p - a wand of polymorph (20)
 t - a wand of paralysis (32)
 x - a wand of random effects (20)
 A - a wand of flame (81)
 G - a wand of enslavement (33)
 O - a wand of clouds (5)
 P - a wand of iceblast (5)
Scrolls
 d - 14 scrolls of remove curse
 g - 11 scrolls of teleportation
 h - 12 scrolls of identify
 n - 4 scrolls of blinking
 y - 5 scrolls of fear
 E - a scroll of enchant armour
 Q - a scroll of fog
Potions
 i - 5 potions of curing
 r - 4 potions of cancellation
 B - 4 potions of haste
 F - a potion of might
 L - 2 potions of resistance
Comestibles
 f - 22 rations


   Skills:
 + Level 12.9(17.9) Fighting
 - Level 14.0(18.9) Short Blades
 - Level 12.0(16.9) Slings
 * Level 12.9(17.8) Armour
 + Level 10.4(15.4) Dodging
 + Level 14.6(19.5) Shields
 - Level 7.0(6.9) Invocations
 - Level 4.0(3.9) Evocations


You had 16 spell levels left.
You didn't know any spells.

Dungeon Overview and Level Annotations

Branches:
Dungeon (12/15)            Temple (1/1) D:4            Lair (6/6) D:8
  Swamp (0/4) Lair:3       Spider (0/4) Lair:2        Slime (0/5) Lair:6
    Orc (2/2) D:12            Elf (0/3) Orc:2

Altars:
Ashenzari
Cheibriados
Dithmenos
Elyvilon
Fedhas
Gozag
Hepliaklqana
Kikubaaqudgha
Makhleb
Nemelex Xobeh
Okawaru
Qazlal
Ru
Sif Muna
Trog
Uskayaw
Vehumet
Wu Jian
Xom
Yredelemnul
Zin
The Shining One
Jiyva

Shops:
D:4 *   D:6 [   D:8 *   D:11 !   Orc:2 *%:?(

Portals:
Pandemonium: Orc:2

Annotations:
D:3 Oravi's ghost, amateur HaFi


Innate Abilities, Weirdness & Mutations

You are small and have problems with some larger weapons.
You are somewhat resistant to further mutation.


Message History

The hellion gives a hideous shriek!
The hellion gestures at you.
The sphere of damnation explodes!
The damnation engulfs you!
You hear a hideous shriek!
The hellion gestures at you.
The sphere of damnation explodes!
The damnation engulfs you! The hellion gestures at you.
The sphere of damnation explodes!
The damnation engulfs you!
There is an open door here.
The hellion gestures at you.
The sphere of damnation explodes!
The damnation engulfs you!
* * * LOW HITPOINT WARNING * * *
You feel much better. The hellion gestures at you.
The sphere of damnation explodes!
The damnation engulfs you!
* * * LOW HITPOINT WARNING * * *
You gain the combat prowess of a mighty hero.
The hellion gestures at you.
The sphere of damnation explodes!
The damnation engulfs you!
You die...

.#....#.2.................#..#...
.'....#....2..............#..#...
.#....#...................#..#...
.#....#...#'###########...#..#...
.# ...#...#...........#...#..####
.# ...#...#...2.......#...#......
.# ..#...#...........#...#......
.######...######2######...#######
................@................
.................................
.................................
#################################


You could see 2 hellions.

Vanquished Creatures
  A pandemonium lord (Pan)
  A Hell Sentinel (Pan)
  Kirke (Lair:6)
  A blood saint (Pan)
  An orc warlord (Bailey)
  The ghost of humperndinck the Martial Artist, a journeyman GnTm of Sif Muna (Lair:5)
  The ghost of Norri the Severer, a journeyman MiGl of Okawaru (Lair:1)
  A blizzard demon (Pan)
  2 green deaths (Pan)
  6 hydras
  3 monstrous demonspawn (Pan)
  An ice dragon (Lair:6)
  3 two-headed ogres
  9 death yaks
  8 orc high priests (Orc:2)
  Nergalle (Lair:3)
  Sonja (D:11)
  3 soul eaters (Pan)
  7 sun demons (Pan)
  An unseen horror (D:12)
  2 torturous demonspawn
  An infernal demonspawn (Orc:2)
  2 lindwurms (Lair:6)
  5 orc knights
  4 orc sorcerers
  An ugly thing (D:11)
  3 cyclopes
  15 elephants
  The ghost of BrokenGlass the Covert, a novice VSAs (D:7)
  3 black mambas
  5 smoke demons (Pan)
  9 spiny frogs
  2 gargoyles
  5 torpor snails (Lair:6)
  3 hellions (Pan)
  A kobold demonologist (D:12)
  A demonic crawler (Pan)
  2 rime drakes
  The ghost of VanClaymore the Cudgeler, a novice GrMo (D:4)
  6 komodo dragons
  2 ice devils
  2 hellwings
  2 red devils (Orc:2)
  A troll (D:12)
  The ghost of Ivernyr the Shooter, an amateur CeAM of Okawaru (D:5)
  3 tyrant leeches (Lair:6)
  14 blink frogs
  6 hornets (Lair:6)
  10 dream sheep
  6 hippogriffs
  A redback (Lair:2)
  Sigmund (D:2)
  A vampire (D:11)
  11 ynoxinuls
  A shadow (D:12)
  3 large abominations (Pan)
  2 basilisks
  19 yaks
  A hungry ghost (D:11)
  2 wyverns
  5 hogs (Lair:6)
  A vampire mosquito (D:11)
  3 chaos spawn (Pan)
  Menkaure (D:6)
  An acid dragon (D:11)
  5 swamp worms (Lair:3)
  13 water moccasins
  10 porcupines
  33 orc warriors
  2 ice beasts
  3 sky beasts
  A black bear (D:11)
  13 wolves
  A centaur (D:12)
  3 phantoms
  6 ogres
  12 crocodiles
  3 big kobolds
  16 bullfrogs
  2 scorpions
  9 killer bees
  2 howler monkeys
  5 electric eels
  A bullfrog zombie (D:10)
  5 crimson imps
  5 jellies
  A quasit (D:10)
  7 hounds
  31 orc priests
  23 orc wizards
  3 bullfrog skeletons
  A centaur skeleton (D:5)
  Jessica (D:3)
  3 iguanas
  9 worker ants
  A hound zombie (D:5)
  5 hound skeletons
  9 gnolls
  10 adders
  2 shadow imps
  A worker ant simulacrum (D:11)
  5 oozes (D:8)
  2 worms
  An adder skeleton (D:5)
  An adder zombie (D:5)
  12 dart slugs
  5 leopard geckos
  63 orcs
  10 bats
  6 giant cockroaches
  18 goblins
  9 hobgoblins
  20 jackals
  4 quokkas
  3 ball pythons
  A frilled lizard (D:1)
  A giant cockroach zombie (D:5)
  A jackal zombie (D:7)
  35 kobolds
  A quokka skeleton (D:4)
  10 rats
  A bush (D:7)
  A plant (Lair:4)
692 creatures vanquished.

Vanquished Creatures (collateral kills)
  A crimson imp (D:9)
1 creature vanquished.

Vanquished Creatures (others)
  A wizard (D:4)
  14 fungi
  18 plants
33 creatures vanquished.

Grand Total: 726 creatures vanquished

Notes
Turn   | Place    | Note
-------+----------+-------------------------------------------
     0 | D:1      | Oravi the Halfling Fighter began the quest for the Orb.
     0 | D:1      | Reached XP level 1. HP: 15/15 MP: 1/1
    61 | D:1      | Reached XP level 2. HP: 20/20 MP: 2/2
   126 | D:2      | Reached XP level 3. HP: 23/26 MP: 3/3
   677 | D:2      | Reached XP level 4. HP: 31/31 MP: 4/4
   712 | D:3      | Noticed Oravi's ghost (amateur HaFi)
   900 | D:2      | Noticed Sigmund
   919 | D:2      | Killed Sigmund
   919 | D:2      | Reached skill level 1 in Dodging
   919 | D:2      | Reached XP level 5. HP: 27/36 MP: 5/5
   919 | D:2      | Reached XP level 6. HP: 31/42 MP: 6/6
  1417 | D:2      | Found an opulent altar of Gozag.
  1417 | D:2      | Found a sparkling altar of Nemelex Xobeh.
  1541 | D:3      | Noticed Jessica
  1546 | D:3      | Killed Jessica
  1560 | D:3      | Found a burning altar of Makhleb.
  1811 | D:2      | Reached XP level 7. HP: 28/46 MP: 7/7
  1950 | D:3      | Reached skill level 5 in Short Blades
  2263 | D:3      | Found a shimmering altar of Xom.
  2284 | D:3      | Found a radiant altar of Vehumet.
  2699 | D:4      | Reached skill level 5 in Shields
  2746 | D:4      | Found Medotuh's Assorted Antiques.
  2805 | D:4      | Found a bloodstained altar of Trog.
  2806 | D:4      | Noticed a wizard
  2811 | D:4      | Killed a wizard
  2919 | D:4      | Bought a scroll labeled VIQEAKUFER for 29 gold pieces
  2919 | D:4      | Bought a scroll labeled LAOSYT SAGYA for 29 gold pieces
  2919 | D:4      | Bought a scroll labeled VIQEAKUFER for 29 gold pieces
  2919 | D:4      | Bought a scroll labeled YSUARO BEUGEB for 29 gold pieces
  3062 | D:4      | Noticed VanClaymore's ghost (novice GrMo)
  3100 | D:5      | Entered Level 5 of the Dungeon
  3334 | D:5      | Noticed Ivernyr's ghost (amateur CeAM)
  3346 | D:5      | Killed Ivernyr's ghost
  3346 | D:5      | Reached skill level 5 in Armour
  3346 | D:5      | Reached XP level 8. HP: 54/54 MP: 8/8
  3618 | D:5      | Identified a scroll of acquirement
  3619 | D:5      | Found the +7 captain's cutlass {speed, disarm}
  3722 | D:5      | Found an opulent altar of Gozag.
  3777 | D:5      | Noticed a hippogriff
  3789 | D:5      | Killed a hippogriff
  3880 | D:5      | Reached XP level 9. HP: 58/58 MP: 9/9
  4307 | D:4      | Found an ancient bone altar of Kikubaaqudgha.
  4446 | D:4      | Found a staircase to the Ecumenical Temple.
  4778 | Temple   | Entered the Ecumenical Temple
  4848 | Temple   | Became a worshipper of Warmaster Okawaru
  5063 | D:4      | Killed VanClaymore's ghost
  5063 | D:4      | Reached skill level 1 in Evocations
  5154 | D:6      | Found a glowing drain.
  5195 | Sewer    | Entered a sewer
  5537 | D:6      | Reached * piety under Okawaru
  5568 | D:6      | Noticed Menkaure
  5587 | D:6      | Killed Menkaure
  5769 | D:6      | Found Pofreu's Armour Shop.
  5937 | D:6      | Reached skill level 5 in Fighting
  6217 | D:7      | Found a stormy altar of Qazlal.
  6274 | D:7      | Reached skill level 10 in Short Blades
  6275 | D:7      | Reached XP level 10. HP: 64/66 MP: 10/10
  6330 | D:7      | Noticed BrokenGlass's ghost (novice VSAs)
  6352 | D:7      | Reached ** piety under Okawaru
  6356 | D:7      | Killed BrokenGlass's ghost
  7354 | D:7      | Found a basalt altar of Yredelemnul.
  7354 | D:7      | Found a shattered altar of Ashenzari.
  7354 | D:7      | Found a sacrificial altar of Ru.
  7551 | D:8      | Reached *** piety under Okawaru
  7580 | D:8      | Got a faintly humming ring mail
  7591 | D:8      | Identified the +2 ring mail "Zaor" {Regen+ Int-2 Dex+5} (You found it on level 8 of the Dungeon)
  7628 | D:8      | Found a snail-covered altar of Cheibriados.
  7654 | D:8      | Received a gift from Okawaru
  7830 | D:8      | Found a staircase to the Lair.
  8192 | D:8      | Found Xuzipn's Assorted Antiques.
  8199 | D:8      | Bought a scroll of enchant armour for 210 gold pieces
  8453 | D:9      | Noticed a two-headed ogre
  8460 | D:9      | Killed a two-headed ogre
  8460 | D:9      | Reached skill level 1 in Slings
  8503 | D:9      | Reached XP level 11. HP: 72/72 MP: 12/12
  8512 | D:9      | Found a flagged portal.
  8518 | Bailey   | Entered a bailey
  8523 | Bailey   | Noticed an orc warlord
  8727 | Bailey   | Reached **** piety under Okawaru
  8810 | Bailey   | Found a runed gate.
  8810 | Bailey   | Found a runed gate.
  8874 | Bailey   | Found a runed gate.
  8999 | Bailey   | Killed an orc warlord
  9021 | Bailey   | Got a steaming bronze amulet
  9694 | D:9      | Identified the amulet of the Commoners {Faith rElec Dex+3} (You found it in a bailey)
  9857 | D:10     | Entered Level 10 of the Dungeon
  9890 | D:10     | Reached skill level 5 in Slings
  9904 | D:10     | Reached skill level 1 in Invocations
 10550 | D:11     | Noticed a six-headed hydra
 10559 | D:11     | Killed a six-headed hydra
 10559 | D:11     | Reached skill level 5 in Dodging
 10636 | D:11     | Noticed an orc knight
 10645 | D:10     | Reached ***** piety under Okawaru
 10665 | D:10     | Reached XP level 12. HP: 71/81 MP: 12/15
 10666 | D:10     | Reached skill level 10 in Shields
 10666 | D:10     | Reached XP level 13. HP: 77/88 MP: 12/16
 10757 | Lair:1   | Entered Level 1 of the Lair of Beasts
 10830 | Lair:1   | Reached skill level 5 in Invocations
 11173 | Lair:1   | Noticed a five-headed hydra
 11184 | Lair:1   | Killed a five-headed hydra
 11260 | Lair:1   | Noticed Norri's ghost (journeyman MiGl)
 12278 | Lair:2   | Found a hole to the Spider Nest.
 12441 | Lair:2   | Reached XP level 14. HP: 88/95 MP: 18/18
 13005 | Lair:3   | Received a gift from Okawaru
 13078 | Lair:3   | Noticed Nergalle
 13094 | Lair:3   | Killed Nergalle
 13125 | Lair:3   | Reached skill level 10 in Slings
 13417 | Lair:3   | Received a gift from Okawaru
 13656 | Lair:3   | Found a staircase to the Swamp.
 14148 | Lair:4   | Received a gift from Okawaru
 14163 | Lair:4   | Reached skill level 10 in Armour
 14377 | Lair:4   | Received a gift from Okawaru
 14427 | Lair:4   | Received a gift from Okawaru
 14645 | Lair:4   | Reached ****** piety under Okawaru
 14659 | Lair:4   | HP: 4/97 [death yak (20)]
 14813 | Lair:4   | Received a gift from Okawaru
 15446 | Lair:5   | Noticed humperndinck's ghost (journeyman GnTm)
 15507 | Lair:5   | Killed humperndinck's ghost
 15507 | Lair:5   | Received a gift from Okawaru
 15638 | Lair:5   | Received a gift from Okawaru
 16223 | Lair:5   | Reached skill level 10 in Fighting
 16307 | Lair:5   | Reached XP level 15. HP: 100/103 MP: 15/19
 16685 | Lair:6   | Entered Level 6 of the Lair of Beasts
 16941 | Lair:6   | Received a gift from Okawaru
 17207 | Lair:6   | Received a gift from Okawaru
 17469 | Lair:6   | Noticed Kirke
 17494 | Lair:6   | Killed Kirke
 17504 | Lair:6   | Found a viscous altar of Jiyva.
 17504 | Lair:6   | Found a staircase to the Slime Pits.
 17877 | Lair:6   | Found a runed door.
 17899 | Lair:6   | Received a gift from Okawaru
 18637 | Lair:1   | Killed Norri's ghost
 18926 | D:11     | Noticed Sonja
 18933 | D:11     | Killed Sonja
 18997 | D:11     | Found a stormy altar of Qazlal.
 19478 | D:11     | Found Pomear's Distillery.
 20455 | D:12     | Reached XP level 16. HP: 113/113 MP: 21/21
 21064 | D:12     | Found a staircase to the Orcish Mines.
 21078 | Orc:1    | Entered Level 1 of the Orcish Mines
 21619 | Orc:2    | Entered Level 2 of the Orcish Mines
 21861 | Orc:2    | Found a staircase to the Elven Halls.
 21889 | Orc:2    | Found Rotroke's Assorted Antiques.
 21985 | Orc:2    | Found Esmaiss's Food Emporium.
 22069 | Orc:2    | Found Iluorijo's Magic Scroll Shoppe.
 22111 | Orc:2    | Received a gift from Okawaru
 22177 | Orc:2    | Bought a scroll of enchant armour for 135 gold pieces
 22377 | Orc:2    | Paralysed by an orc sorcerer for 6 turns
 22405 | Orc:2    | Received a gift from Okawaru
 22701 | Orc:2    | Received a gift from Okawaru
 23040 | Orc:2    | Found Ably's Book Shop.
 23040 | Orc:2    | Found Gustraw's Antique Weapon Boutique.
 23040 | Orc:2    | Found a one-way gate leading to the halls of Pandemonium.
 23106 | Pan      | Entered Pandemonium
 23717 | Pan      | Noticed a Hell Sentinel
 23745 | Pan      | Killed a Hell Sentinel
 23745 | Pan      | Reached skill level 10 in Dodging
 23803 | Pan      | Noticed Liumawyrr the pandemonium lord
 23850 | Pan      | Killed Liumawyrr the pandemonium lord
 23850 | Pan      | Received a gift from Okawaru
 23987 | Pan      | Reached XP level 17. HP: 88/121 MP: 22/22
 24471 | Pan      | Found an exit through the horrors of the Abyss.
 24493 | Pan      | Received a gift from Okawaru
 24494 | Pan      | Found the +5 pair of quick blades "Gyre" and "Gimble" {pierce, Dex-3}
 24942 | Pan      | Killed from afar by a hellion

Skill      XL: |  1  2  3  4  5  6  7  8  9 10 11 12 13 14 15 16 |
---------------+-------------------------------------------------+-----
Fighting       | 3 4 5 7 8 10 11 12 | 12.9
Short Blades   | 4 6 7 10 12 13 14 | 14.0
Shields        | 4 5 6 7 9 10 11 12 14 | 14.6
Armour         | 4 5 6 7 8 9 10 11 12 | 12.9
Dodging        | 1 2 3 4 6 7 8 9 10 | 10.4
Evocations     | 1 2 4 |  4.0
Slings         | 1 8 9 12 | 12.0
Invocations    | 4 5 6 7 |  7.0

Action                   |  1- 3 |  4- 6 |  7- 9 | 10-12 | 13-15 | 16-18 || total
-------------------------+-------+-------+-------+-------+-------+-------++-------
Melee: Rapier            |   132 |   145 |   199 |       |       |       ||   476
       Cutlass           |       |       |   205 |   335 |  1163 |   877 ||  2580
       Unarmed           |       |       |       |       |     6 |       ||     6
 Fire: Hunting sling     |       |       |       |   105 |   726 |   308 ||  1139
Invok: Heroism           |       |       |       |     6 |    19 |    24 ||    49
       Finesse           |       |       |       |       |     6 |     6 ||    12
 Abil: Evoke Berserk Rag |       |       |     3 |     1 |       |       ||     4
Evoke: Wand              |       |       |       |    12 |     7 |       ||    19
  Use: Potion            |       |     3 |     5 |     2 |     3 |    14 ||    27
       Scroll            |       |       |    13 |    14 |     5 |     4 ||    36
 Stab: Paralysed         |       |       |       |     1 |       |       ||     1
       Distracted        |       |       |       |       |       |     1 ||     1
  Eat: Chunk             |       |     3 |     7 |    11 |    27 |     4 ||    52
       Ration            |       |       |     3 |     1 |     1 |     3 ||     8
Armor: Scale mail        |    61 |    36 |    80 |       |       |       ||   177
       Skin              |       |       |    16 |       |       |       ||    16
       Fire dragon scale |       |       |     6 |    61 |    17 |       ||    84
       Ring mail         |       |       |       |       |    82 |    61 ||   143
Dodge: Dodged            |    59 |    68 |    85 |    96 |   299 |   289 ||   896
Block: Shield            |   104 |    80 |   177 |   133 |   383 |   395 ||  1272
       Buckler           |       |       |       |       |     3 |       ||     3
